 Dungeon Crawl Stone Soup version 0.16.1-51-g6203257 (webtiles) character file.

26145 kae the Executioner (level 13, -3/95 HPs)
             Began as a Hill Orc Fighter on Aug 1, 2015.
             Was the Champion of Beogh.
             Slain by a six-headed hydra (6 damage)
             ... summoned by a shadow trap
             ... triggered by a black mamba
             ... on level 7 of the Lair of Beasts.
             The game lasted 00:27:18 (16495 turns).

kae the Executioner (Hill Orc Fighter)             Turns: 16495, Time: 00:27:18

Health: -3/95      AC: 15    Str: 22 (24) XL:     13   Next: 24%
Magic:  13/13      EV: 11    Int:  4 (8)  God:    Beogh [******]
Gold:   1447       SH:  0    Dex:  8 (10) Spells: 0 memorised, 12 levels left

rFire  . . .     SeeInvis +     V - +1 battleaxe of Tebb {chop, Dex+4}
rCold  . . .     Clarity  .     b - +1 scale mail
rNeg   . . .     SustAb   .     (no shield)
rPois  .         Gourm    .     Z - +2 helmet
rElec  .         Spirit   .     t - +0 cloak
rCorr  +         Warding  .     Q - +0 pair of gloves
rMut   .         Stasis   .     (no boots)
MR     +....                    h - amulet of resist corrosion
Stlth  ..........               R - ring of the Salmon {MR+ Dex-4 Slay+3 SInv}
                                E - +3 ring of slaying

@: confused, lethally poisoned (-3 -> -18), somewhat resistant to hostile
enchantments, extremely unstealthy
A: walk on water, repulsion field 1, deterioration 1, sense surroundings 1
a: Smiting, Recall Orcish Followers, Give Item to Named Follower, Renounce
Religion


You were on level 7 of the Lair of Beasts.
You worshipped Beogh.
Beogh was exalted by your worship.
You were not hungry.

You visited 3 branches of the dungeon, and saw 17 of its levels.
You also visited: Bailey.

You collected 1583 gold pieces.
You spent 136 gold pieces at shops.

Inventory:

Hand weapons
 a - a +0 war axe of flaming
 I - a +0 war axe
 V - the +1 battleaxe of Tebb (weapon) {chop, Dex+4}
   (You acquired it on level 5 of the Lair of Beasts)

   It inflicts extra damage upon your enemies.
   It affects your dexterity (+4).
Armour
 b - a +1 scale mail (worn)
 c - a +0 shield
 r - a +0 helmet
 t - a +0 cloak (worn)
 Q - a +0 pair of gloves (worn)
 Z - a +2 helmet (worn)
Jewellery
 f - a +6 ring of evasion
 h - an amulet of resist corrosion (around neck)
 o - a cursed ring of protection from magic
 w - an uncursed ring of flight
 E - a +3 ring of slaying (left hand)
 L - an uncursed ring of magical power
 O - an uncursed ring of positive energy
 R - the ring of the Salmon (right hand) {MR+ Dex-4 Slay+3 SInv}
   (You found it on level 7 of the Lair of Beasts)

   [ring of see invisible]

   It affects your dexterity (-4).
   It affects your accuracy and damage with ranged weapons and melee attacks
   (+3).
   It affects your resistance to hostile enchantments.
   It enhances your eyesight.
Magical devices
 n - a wand of digging (15)
 z - a wand of flame (28)
 D - a wand of confusion (12)
 G - a wand of lightning (6)
 H - a wand of paralysis (22)
 J - a wand of fire (7)
 M - a wand of frost (42)
 N - a wand of heal wounds (8)
 P - a wand of lightning (6)
 S - a wand of flame (34)
 W - a wand of paralysis (17)
Scrolls
 e - 3 scrolls of enchant weapon
 j - 2 scrolls of teleportation
 l - 3 scrolls of amnesia
 q - 2 scrolls of magic mapping
 s - 2 scrolls of enchant armour
 u - 12 scrolls of identify
 y - a scroll of blinking
 A - 5 scrolls of fog
 C - 3 scrolls of remove curse
Potions
 k - 2 potions of restore abilities
 p - a potion of mutation
 F - 3 potions of brilliance
 K - 2 potions of might
 T - 2 potions of lignification
 U - 3 potions of curing
 X - a potion of haste
 Y - a potion of cancellation
Books
 g - a book of Callings

   Spells                             Type                      Level
   a - Summon Small Mammal            Summoning                    1
   b - Call Imp                       Summoning                    2
   c - Call Canine Familiar           Summoning                    3
   d - Summon Guardian Golem          Hexes/Summoning              4
   e - Summon Lightning Spire         Summoning/Air                4
   f - Summon Ice Beast               Ice/Summoning                4
 v - a book of Cantrips

   Spells                             Type                      Level
   a - Corona                         Hexes                        1
   b - Animate Skeleton               Necromancy                   1
   c - Summon Small Mammal            Summoning                    1
   d - Apportation                    Translocation                1
 x - a book of Frost

   Spells                             Type                      Level
   a - Freeze                         Ice                          1
   b - Throw Frost                    Conjuration/Ice              2
   c - Ozocubu's Armour               Charms/Ice                   3
   d - Throw Icicle                   Conjuration/Ice              4
   e - Summon Ice Beast               Ice/Summoning                4
   f - Condensation Shield            Ice                          4
Comestibles
 d - 5 meat rations
 i - 11 beef jerkies
 m - 21 fruits
 B - 16 bread rations


   Skills:
 - Level 3.6 Fighting
 + Level 24.7 Axes
 - Level 3.2 Armour
 - Level 3.2 Shields


You had 12 spell levels left.
You didn't know any spells.

Dungeon Overview and Level Annotations

Branches:
Dungeon (9/15)             Temple (1/1) D:6            Lair (7/8) D:9
 Shoals (0/5) Lair:5        Snake (0/5) Lair:5        Slime (0/6) Lair:6
    Orc: D:9-12

Altars:
Ashenzari
Cheibriados
Dithmenos
Elyvilon
Fedhas
Gozag
Kikubaaqudgha
Makhleb
Nemelex Xobeh
Okawaru
Qazlal
Ru
Sif Muna
Trog
Vehumet
Xom
Yredelemnul
Zin
The Shining One
Beogh
Jiyva

Shops:
D:8 !(?


Innate Abilities, Weirdness & Mutations

You can walk on water.
You are surrounded by a mild repulsion field (EV +2).
Your body is slowly deteriorating.
You passively map a small area around you.


Message History

The black mamba bites you!
* * * LOW HITPOINT WARNING * * *
You are poisoned.
The black mamba poisons you!
Ogrik hits the wandering mushroom from afar with an uncursed trident!
Your orc warrior hits the six-headed hydra!!
Orbeogh hits the wandering mushroom with a hand axe!!
Orbeogh hits the black mamba with a hand axe!!
The black mamba dies!
Beogh accepts your kill.
The wandering mushroom releases spores at you.
* * * LOW HITPOINT WARNING * * *
You are engulfed in a cloud of spores!
You are confused.
The six-headed hydra bites you!
* * * LOW HITPOINT WARNING * * *
The six-headed hydra bites you.
* * * LOW HITPOINT WARNING * * *
The six-headed hydra bites you.
You die...

...####..........................
#### #P.......P..................
# ##)P........................
#PPPPPP#PP..............#..
###..PP#.P..........,....#.
,#.......P..P...#P ..#.. ***
...........P, .. ..## ###........
, . #....P..., , , . ** ##.......
. , ##.##.. *, , ## . , *


You could see an eight-headed hydra, a six-headed hydra, a wandering mushroom, a
wyvern, the friendly Bladwarg the orc knight, 2 friendly orc knights, the
friendly Orbeogh the orc knight (frenzied), a friendly orc warrior (frenzied)
and the friendly Oreg the orc wizard (frenzied).

Vanquished Creatures
  3 hydras
  A black mamba (Lair:7)
  A siren (Lair:5)
  5 elephants (Lair:6)
  3 spiny frogs
  3 torpor snails
  4 komodo dragons
  A fire drake (Lair:4)
  13 blink frogs
  4 basilisks
  4 hippogriffs
  20 yaks
  3 wolves
  10 water moccasins
  5 orc warriors
  A sky beast (D:6)
  An ice beast (D:7)
  5 ogres
  3 porcupines
  A centaur (D:7)
  A wasp (D:9)
  Duvessa (D:8)
  8 giant frogs
  4 crocodiles
  A gnoll sergeant (D:7)
  3 scorpions
  7 wights
  5 killer bees (D:8)
  5 hounds
  2 goliath beetles (D:7)
  Dowan (D:8)
  A quasit (D:7)
  3 crimson imps
  4 worker ants
  3 jellies
  5 iguanas
  3 orc wizards
  A killer bee zombie (D:7)
  21 sheep
  A mummy (D:9)
  9 gnolls
  3 worker ant zombies
  20 river rats
  2 shadow imps
  16 adders
  A giant mite (D:6)
  4 worms
  An adder zombie (D:9)
  3 adder skeletons
  2 oozes
  10 orcs
  A ball python (D:5)
  2 bat zombies
  16 hobgoblins
  9 jackals
  9 quokkas
  17 bats
  9 giant cockroaches
  7 giant geckos
  6 giant newts
  17 goblins
  23 kobolds
  18 rats
  8 ballistomycetes
  7 fungi
  3 plants
394 creatures vanquished.

Vanquished Creatures (collateral kills)
  2 hydras
  2 sirens (Lair:5)
  2 black mambas
  3 spiny frogs
  A komodo dragon (Lair:6)
  A polar bear (Lair:7)
  A merfolk (Lair:5)
  5 blink frogs
  32 yaks
  2 hippogriffs
  4 wolves
  2 porcupines
  A naga (Lair:5)
  2 water moccasins
  3 orc warriors
  A boring beetle (Lair:7)
  2 crocodiles
  A giant frog (Lair:7)
  A hound (Lair:3)
  2 iguanas
  An orc wizard (D:9)
  A worker ant (D:9)
  6 sheep
  4 adders
  11 river rats
  An adder zombie (D:9)
  6 orcs (D:9)
  3 goblins
  4 quokkas
  3 kobolds (Bailey)
  7 fungi
  2 plants
119 creatures vanquished.

Vanquished Creatures (others)
  3 orc warriors
  An orc wizard (Lair:5)
  2 orc priests
  An adder (D:2)
  A giant gecko (D:4)
  24 orcs
  A bat (D:4)
  3 giant spores
  10 fungi
  2 plants
48 creatures vanquished.

Grand Total: 561 creatures vanquished

Notes
Turn   | Place    | Note
--------------------------------------------------------------
     0 | D:1      | kae, the Hill Orc Fighter, began the quest for the Orb.
     0 | D:1      | Reached XP level 1. HP: 19/19 MP: 1/1
    29 | D:1      | Reached XP level 2. HP: 12/26 MP: 2/2
   181 | D:1      | Reached skill level 4 in Axes
   277 | D:1      | Reached XP level 3. HP: 31/31 MP: 3/3
   609 | D:1      | Reached skill level 5 in Axes
  1188 | D:2      | Reached XP level 4. HP: 33/39 MP: 4/4
  1320 | D:2      | Reached skill level 6 in Axes
  1526 | D:2      | Reached XP level 5. HP: 35/45 MP: 5/5
  1558 | D:2      | Found a radiant altar of Vehumet.
  2277 | D:3      | Reached skill level 7 in Axes
  2666 | D:3      | Found a glowing golden altar of the Shining One.
  3400 | D:4      | Reached skill level 8 in Axes
  3493 | D:4      | Reached XP level 6. HP: 51/51 MP: 6/6
  3507 | D:4      | Became a worshipper of Beogh the Brigand
  3681 | D:5      | Entered Level 5 of the Dungeon
  4422 | D:5      | Reached skill level 9 in Axes
  4690 | D:5      | Found a sparkling altar of Nemelex Xobeh.
  4946 | D:6      | Reached XP level 7. HP: 57/57 MP: 7/7
  5005 | D:6      | Acquired Beogh's first power
  5038 | D:6      | Reached skill level 10 in Axes
  5087 | D:6      | Found a staircase to the Ecumenical Temple.
  5116 | Temple   | Entered the Ecumenical Temple
  5247 | D:6      | Gained mutation: You are surrounded by a mild repulsion field (EV +2). [potion of mutation]
  5247 | D:6      | Gained mutation: You passively map a small area around you. [potion of mutation]
  5247 | D:6      | Gained mutation: Your body is slowly deteriorating. [potion of mutation]
  5274 | D:6      | Reached skill level 11 in Axes
  5294 | D:6      | Reached XP level 8. HP: 15/64 MP: 8/8
  5641 | D:6      | Found an opulent altar of Gozag.
  6111 | D:6      | Acquired Beogh's second power
  6138 | D:7      | Reached skill level 12 in Axes
  6349 | D:7      | Reached skill level 13 in Axes
  6886 | D:7      | Reached skill level 14 in Axes
  6886 | D:7      | Reached XP level 9. HP: 14/70 MP: 9/9
  7273 | D:8      | Noticed Duvessa
  7273 | D:8      | Noticed Dowan
  7370 | D:8      | Found Likephee's Distillery.
  7387 | D:8      | Found Jotainia's Antique Weapon Boutique.
  7420 | D:8      | Found Jutob's Magic Scroll Shop.
  7428 | D:8      | Bought a scroll of enchant weapon for 97 gold pieces
  7428 | D:8      | Bought a scroll of remove curse for 39 gold pieces
  7452 | D:8      | Killed Dowan
  7453 | D:8      | Killed Duvessa
  7774 | D:8      | Reached skill level 15 in Axes
  7801 | D:8      | Acquired Beogh's third power
  8070 | D:8      | Found a glowing golden altar of the Shining One.
  8193 | D:8      | Found a glowing silver altar of Zin.
  8452 | D:9      | Found a staircase to the Lair.
  8592 | D:9      | Found a shattered altar of Ashenzari.
  8619 | D:9      | Found a basalt altar of Yredelemnul.
  8620 | D:9      | Found a sacrificial altar of Ru.
  8663 | D:9      | Found a roughly hewn altar of Beogh.
  8675 | D:9      | Reached skill level 16 in Axes
  8907 | D:9      | Gained Bolgrim as an ally
  8929 | D:9      | Found a flagged portal.
  8943 | Bailey   | Entered a bailey
  9021 | Bailey   | Gained Bogrim as an ally
  9040 | Bailey   | Acquired Beogh's fourth power
  9067 | Bailey   | HP: 1/70 [orc warrior/broad axe (13)]
  9103 | Bailey   | Your ally Bogrim died
  9215 | Bailey   | Reached XP level 10. HP: 35/77 MP: 10/10
  9679 | D:9      | Reached skill level 17 in Axes
  9921 | Lair:1   | Entered Level 1 of the Lair of Beasts
 10182 | Lair:1   | Gained Orbeogh as an ally
 10198 | Lair:1   | Reached skill level 18 in Axes
 10872 | Lair:2   | Gained Ogrik as an ally
 10876 | Lair:2   | Gained Oreg as an ally
 10961 | Lair:2   | Reached skill level 19 in Axes
 10993 | Lair:2   | Reached XP level 11. HP: 57/82 MP: 11/11
 10996 | Lair:2   | Acquired Beogh's fifth power
 11463 | Lair:2   | Reached skill level 20 in Axes
 11700 | Lair:3   | Gained Bogbrand as an ally
 12063 | Lair:3   | Noticed a four-headed hydra
 12080 | Lair:3   | Killed a ten-headed hydra
 12208 | Lair:3   | Gained Bladwarg as an ally
 12708 | Lair:4   | Reached skill level 21 in Axes
 13329 | Lair:4   | Gained Morbeogh as an ally
 13385 | Lair:4   | Reached XP level 12. HP: 45/90 MP: 12/12
 14023 | Lair:5   | Reached skill level 22 in Axes
 14190 | Lair:5   | Found a staircase to the Snake Pit.
 14519 | Lair:5   | Noticed a four-headed hydra
 14524 | Lair:5   | Killed a seven-headed hydra
 14534 | Lair:5   | Found a staircase to the Shoals.
 14583 | Lair:5   | Identified a scroll of acquirement
 14584 | Lair:5   | Got an iridescent battleaxe
 14590 | Lair:5   | Identified the +1 battleaxe of Tebb {chop, Dex+4} (You acquired it on level 5 of the Lair of Beasts)
 14731 | Lair:5   | Noticed a six-headed hydra
 14734 | Lair:5   | Noticed an eight-headed hydra
 14736 | Lair:5   | Killed a seven-headed hydra
 14739 | Lair:5   | Killed a ten-headed hydra
 15151 | Lair:6   | Reached skill level 23 in Axes
 15400 | Lair:6   | Gained Ogrik as an ally
 15465 | Lair:6   | Found a viscous altar of Jiyva.
 15465 | Lair:6   | Found a staircase to the Slime Pits.
 16136 | Lair:7   | Reached skill level 24 in Axes
 16163 | Lair:7   | Reached XP level 13. HP: 95/95 MP: 13/13
 16257 | Lair:7   | Noticed an eight-headed hydra
 16263 | Lair:7   | Killed a 11-headed hydra
 16491 | Lair:7   | Got a clouded brass ring
 16492 | Lair:7   | Identified the ring of the Salmon {MR+ Dex-4 Slay+3 SInv} (You found it on level 7 of the Lair of Beasts)
 16495 | Lair:7   | HP: 3/95 [six-headed hydra[a black mamba] (6)]
 16495 | Lair:7   | Slain by a six-headed hydra

Action                   |  1- 3 |  4- 6 |  7- 9 | 10-12 | 13-15 || total
-------------------------+-------+-------+-------+-------+-------++-------
Melee: War axe           |   128 |   276 |   541 |   455 |       ||  1400
       Battleaxe         |       |       |       |   125 |    54 ||   179
Invok: Convert to Beogh  |       |     1 |       |       |       ||     1
       Smiting           |       |       |     1 |       |       ||     1
       Recall Orcish Fol |       |       |       |     4 |       ||     4
  Use: Potion            |       |       |    18 |     3 |     1 ||    22
       Scroll            |       |       |    14 |     7 |       ||    21
 Stab: Distracted        |       |       |       |     3 |       ||     3
       Confused          |       |       |       |     1 |       ||     1
  Eat: Chunk             |     1 |     9 |    13 |    21 |     2 ||    46
       Fruit             |       |     2 |       |     1 |       ||     3
       Beef jerky        |       |       |     1 |       |       ||     1
       Pizza             |       |       |       |     1 |       ||     1
